 Dungeon Crawl Stone Soup version 0.25-a0-701-gb30f108f01 (webtiles) character file.

Game seed: 8079061319491925894, levelgen mode: deterministic

125 Anathary the Slasher (level 4, -4/35 HPs)
             Began as a Demonspawn Berserker on Apr 3, 2020.
             Was a Believer of Trog.
             Slain by a worker ant (6 damage)
             ... on level 3 of the Dungeon.
             The game lasted 00:09:33 (2931 turns).

Anathary the Slasher (Demonspawn Berserker)         Turns: 2931, Time: 00:09:34

Health: -4/35      AC:  2    Str: 18    XL:     4   Next: 82%
Magic:  4/4        EV: 12    Int:  8    God:    Trog [**....]
Gold:   191        SH:  0    Dex: 13    Spells: 3/3 levels left

rFire    . . .     SeeInvis .   a - +0 falchion
rCold    . . .     Gourm    .   (no shield)
rNeg     . . .     Faith    +   b - +0 animal skin
rPois    .         Spirit   .   (no helmet)
rElec    .         Reflect  .   (no cloak)
rCorr    .         Harm     .   (no gloves)
MR       .....                  (no boots)
Stlth    +++.......             r - amulet of faith
HPRegen  0.11/turn              (no ring)
MPRegen  0.09/turn              (no ring)

@: lethally poisoned (-4 -> -10)
A: nightstalker 1
a: Berserk, Trog's Hand, Renounce Religion


You were on level 3 of the Dungeon.
You worshipped Trog.
Trog was pleased with you.
You were not hungry.

You visited 1 branch of the dungeon, and saw 3 of its levels.

You collected 191 gold pieces.

Inventory:

Hand Weapons
 a - a +0 falchion (weapon)
Armour
 b - a +0 animal skin (worn)
Jewellery
 r - an amulet of faith (around neck)
Wands
 p - a wand of polymorph (8)
Scrolls
 c - a scroll of fog {unknown}
 d - a scroll of noise {unknown}
 f - a scroll of fear {unknown}
 i - a scroll of enchant weapon {unknown}
 j - 2 scrolls of remove curse {unknown}
 k - 4 scrolls of identify {unknown}
 l - 2 scrolls of teleportation {unknown}
 o - a scroll of amnesia {unknown}
Potions
 e - a potion of mutation {unknown}
 g - 3 potions of curing
 h - 2 potions of ambrosia {unknown}
 n - a potion of brilliance {unknown}
 q - a potion of haste {unknown}
Comestibles
 m - 8 rations


   Skills:
 - Level 3.3 Fighting
 * Level 4.6 Long Blades
 - Level 1.7 Armour
 - Level 1.7 Dodging
 + Level 1.2 Stealth


You had 3 spell levels left.
You didn't know any spells.
Your spell library was empty.

Dungeon Overview and Level Annotations

Branches:
Dungeon (3/15)

Altars:


Innate Abilities, Weirdness & Mutations

You are slightly more attuned to the shadows.


Message History

* * * LOW HITPOINT WARNING * * *
The adder misses you. The ooze closely misses you.
You riposte.
You hit the ooze.
The ooze is heavily wounded.
The worker ant bites you.
* * * LOW HITPOINT WARNING * * *
You hit the worker ant but do no damage.
The worker ant is heavily wounded.
The adder bites you.
* * * LOW HITPOINT WARNING * * *
The worker ant closely misses you.
You riposte.
You closely miss the worker ant.
The worker ant is heavily wounded.
The ooze hits you.
* * * LOW HITPOINT WARNING * * *
You hit the worker ant.
The worker ant is almost dead.
* * * LOW HITPOINT WARNING * * *
You feel sick. The adder completely misses you. The worker ant bites you.
You die...

###### ###.# .....#
...#.. ####.#.##.#.####
.......##.#.#..
.....####.#.#.#########
#.#######.#.#..........
.................J.....
#....####.#.....@S.....
#.##.####.#..##..a.....
......................$
#)##.####.#.......#####
..).....#.#.......#
#.........+.......#
#รท....((#.#.......#
#.#####.#.# ...
......#.#.##+#


You could see a worker ant, an ooze and an adder.

Vanquished Creatures
  Natasha (twice) (D:2)
  2 adders
  2 oozes (D:1)
  A leopard gecko (D:1)
  2 giant cockroaches (D:2)
  7 goblins
  9 hobgoblins
  4 kobolds (D:1)
  A quokka (D:2)
  5 ball pythons
  2 bats (D:1)
  4 frilled lizards
  6 rats
47 creatures vanquished.

Notes
Turn   | Place    | Note
-------+----------+-------------------------------------------
     0 | D:1      | Anathary the Demonspawn Berserker began the quest for the
                  | Orb.
     0 | D:1      | Reached XP level 1. HP: 18/18 MP: 1/1
    51 | D:1      | Gained mutation: You are slightly more attuned to the
                  | shadows. [demonic ancestry]
    51 | D:1      | Reached XP level 2. HP: 24/24 MP: 2/2
   114 | D:1      | Reached skill level 3 in Long Blades
   981 | D:1      | Reached XP level 3. HP: 25/29 MP: 3/3
  1025 | D:1      | Reached ** piety under Trog
  1308 | D:2      | Noticed Natasha
  1315 | D:2      | Killed Natasha
  1315 | D:2      | Reached skill level 4 in Long Blades
  1507 | D:2      | Reached XP level 4. HP: 26/35 MP: 4/4
  1698 | D:2      | Noticed Natasha
  1706 | D:2      | Killed Natasha
  1706 | D:2      | Reached skill level 1 in Stealth
  2931 | D:3      | Slain by a worker ant

Levels and vault maps discovered:
D:1:      onia_arrival_handbag, layout_loops_corners
D:2:      layout_basic, first_ration, uniq_natasha
D:3:      layout_basic, bh_chokoban, makhleb_altar_promises_db

Skill      XL: |  1  2  3  4 |
---------------+-------------+-----
Long Blades    | 3 4 |  4.6
Stealth        | 1 |  1.2
Fighting       | |  3.3
Armour         | |  1.7
Dodging        | |  1.7

Action                   |  1- 3 |  4- 6 || total
-------------------------+-------+-------++-------
Melee: Falchion          |    84 |    66 ||   150
  Use: Potion            |       |     2 ||     2
 Stab: Sleeping          |     2 |     5 ||     7
  Eat: Ration            |     1 |     1 ||     2
       Chunk             |       |     1 ||     1
Armor: Animal skin       |    13 |     7 ||    20
Dodge: Dodged            |    51 |    49 ||   100
       Rpst.: Falchion   |    14 |    15 ||    29

Table legend:
 A = Non-vault XP
 B = Vault XP
 C = Vault XP percentage of total XP
 D = Non-vault monster count
 E = Vault monster count
 F = Vault count percentage of total count
                 A         B        C        D         E       F
            +---------+---------+-------+---------+---------+-------
      Total |     128 |      51 |  28.5 |      42 |       5 |  10.6
            +---------+---------+-------+---------+---------+-------
        D:1 |      34 |      16 |  32.0 |      21 |       4 |  16.0
        D:2 |      75 |      35 |  31.8 |      17 |       1 |   5.6
        D:3 |      19 |       0 |   0.0 |       4 |       0 |   0.0
            +---------+---------+-------+---------+---------+-------
